 Dungeon Crawl Stone Soup version 0.28.0 (webtiles) character file.

Game seed: 15061457106058025647

64 hikkokomori the Shooter (level 3, 0/31 HPs)
             Began as a Minotaur Hunter on Feb 6, 2022.
             Slain by a gnoll (5 damage)
             ... on level 2 of the Dungeon.
             The game lasted 00:02:43 (1685 turns).

hikkokomori the Shooter (Minotaur Hunter)           Turns: 1685, Time: 00:02:44

Health: 0/31       AC:  6    Str: 18    XL:     3   Next: 91%
Magic:  2/2        EV: 10    Int:  8    God:
Gold:   69         SH:  0    Dex: 10    Spells: 2/2 levels left

rFire   . . .      SeeInvis .   a - +1 shortbow
rCold   . . .      Faith    .   (shield currently unavailable)
rNeg    . . .      Spirit   .   k - +0 scale mail {Will+}
rPois   .          Reflect  .   (helmet restricted)
rElec   .          Harm     .   (no cloak)
rCorr   .          Rampage  .   (no gloves)
Will    +....                   (no boots)
Stlth   ..........              (no amulet)
HPRegen 0.10/turn               (no ring)
MPRegen 0.08/turn               (no ring)

@: no status effects
A: horns 2, retaliatory headbutt
a: no special abilities


You were on level 2 of the Dungeon.
You visited 1 branch of the dungeon, and saw 2 of its levels.

You collected 69 gold pieces.

Inventory:

Hand Weapons
 a - a +1 shortbow (weapon)
 b - a +0 short sword
Missiles
 d - 14 arrows (quivered ammo)
Armour
 c - a +0 leather armour
 k - a +0 scale mail of willpower (worn)
Scrolls
 e - a scroll of immolation {unknown}
 g - a scroll of noise {unknown}
 h - a scroll of identify {unknown}
 j - a scroll of enchant weapon {unknown}
 m - a scroll of enchant armour {unknown}
 o - a scroll of teleportation {unknown}
Potions
 f - a potion of curing {unknown}
 i - a potion of lignification {unknown}
 l - a potion of flight {unknown}
 n - a potion of magic {unknown}


   Skills:
 + Level 3.3 Fighting
 + Level 4.8 Bows
 + Level 3.0 Dodging
 + Level 1.7 Stealth


You had 2 spell levels left.
You didn't know any spells.
Your spell library was empty.

Dungeon Overview and Level Annotations

Branches:
Dungeon (2/15)

Altars:

Shops:
D:2 (


Innate Abilities, Weirdness & Mutations

You have a pair of horns on your head.
You reflexively headbutt those who attack you in melee.


Message History

There is an open gate here.
There is a stone staircase leading down here.
Found a hunting sling.
A ball python comes into view.
A ball python is nearby!
You shoot an arrow. The arrow hits the ball python!
You kill the ball python!
No target in view!
d - 20 arrows (gained 1)
You see here a ball python corpse.
You see here a ball python corpse.
There is a stone staircase leading down here.
You open the door.
There is an open door here.
A gnoll comes into view. It is wielding a +0 flail.
The gnoll shouts!
The gnoll moves out of view.
A gnoll comes into view.
It is wielding a +2 flail of holy wrath.
A gnoll is nearby!
You shoot an arrow. The arrow hits the gnoll!
The gnoll is severely wounded.
You shoot an arrow. The arrow hits the gnoll!
You kill the gnoll!
Your Dodging skill increases to level 3!
You shoot an arrow.
The arrow hits the gnoll but does no damage.
You shoot an arrow. The arrow closely misses the gnoll.
The gnoll hits you with a +0 flail!
You shoot an arrow. The arrow closely misses the gnoll.
You hear a shout!
The gnoll hits you with a +0 flail!
You shoot an arrow. The arrow hits the gnoll!
The gnoll is almost dead.
The gnoll hits you with a +0 flail.
A gnoll comes into view. It is wielding a +0 flail.
The gnoll hits you with a +0 flail!
* * * LOW HITPOINT WARNING * * *
The gnoll barely misses you. The gnoll hits you with a +0 flail.
You die...

...........#.#.###.##.##
..........<.............
.....#....##.#.####.#.##
######.........# #...#
#####..............# ##..#
#...#..##..##..##..#####..#
#...#.####....####....##..##
#...#.## ##..## ##....'.....
#...#..## #@.# ##.....###.##
######.......###.g###......#
#.##
.....'...+.#....g.....#....#
#>..
######...#.#..........#....#
#.## #...#...###..###......#
#.## #...#..## #..# ##...###
#... #...#.## #.(# ##..#
#### #...#.# ..(( #..#
#####.. ..##.. ..#


You could see 2 gnolls.

Vanquished Creatures
  A gnoll (D:2)
  2 adders (D:2)
  A worm (D:2)
  3 endoplasms (D:1)
  2 giant cockroaches (D:1)
  2 goblins (D:1)
  A hobgoblin (D:2)
  4 jackals (D:2)
  2 quokkas
  5 ball pythons
  6 kobolds
  2 rats (D:2)
31 creatures vanquished.

Notes
Turn   | Place    | Note
-------+----------+-------------------------------------------
     0 | D:1      | hikkokomori the Minotaur Hunter began the quest for the
                  | Orb.
     0 | D:1      | Reached XP level 1. HP: 18/18 MP: 0/0
    80 | D:1      | Reached skill level 1 in Stealth
   127 | D:1      | Reached XP level 2. HP: 25/25 MP: 1/1
   463 | D:1      | Found a faded altar of an unknown god.
  1196 | D:2      | Reached XP level 3. HP: 31/31 MP: 2/2
  1266 | D:2      | Found Keakhi's Antique Weapon Shop.
  1685 | D:2      | Slain by a gnoll

Illustrated notes

Levels and vault maps discovered:
D:1:      wheals_arrival_shading, layout_basic,
          shapermc_ecumenical_altar_ellora, minmay_curled_crystal,
          chequers_big_river, minmay_tree_intersection, hangedman_decor_points
D:2:      layout_basic, serial_shops, shop, kennysheep_donut,
          palyth_stone_intersect

Skill      XL: |  1  2  3 |
---------------+----------+-----
Stealth        | 1 |  1.7
Fighting       | 3 |  3.3
Dodging        | 3 |  3.0
Bows           | |  4.8

Action                   || total
-------------------------++-------
 Fire: Shortbow          ||    84
Armor: Scale mail        ||    10
       Leather armour    ||     1
Dodge: Dodged            ||    14
